 Dungeon Crawl Stone Soup version 0.30-a0-123-g91d0c66ccf (webtiles) character file.

Game seed: 9693770670803883784

212 Klosterheim the Grave Robber (level 5, 0/35 HPs)
             Began as a Demonspawn Necromancer on Sept 17, 2022.
             Killed by divine providence
             ... invoked by an orc priest
              (17 damage)
             ... on level 3 of the Dungeon.
             The game lasted 00:10:46 (2047 turns).

Klosterheim the Grave Robber (DsNe)                 Turns: 2047, Time: 00:10:46

Health: 0/35       AC:  5    Str: 14    XL:     5   Next: 58%
Magic:  9/9        EV: 12    Int: 18    God:
Gold:   94         SH:  5    Dex: 14    Spells: 8/9 levels left

rFire   . . .      SeeInvis .    h - +3 club (spect)
rCold   . . .      Faith    .    (no shield)
rNeg    . . .      Spirit   .    a - +0 robe
rPois   .          Reflect  +    (no helmet)
rElec   .          Harm     .    (no cloak)
rCorr   .          Rampage  .    (no gloves)
Will    .....                    e - +0 pair of boots
Stlth   ++........               m - amulet of reflection
HPRegen 0.11/turn                f - +6 ring of strength
MPRegen 0.11/turn                (no ring)

@: no status effects
A: molten scales 1, powered by death 1
a: no special abilities


You were on level 3 of the Dungeon.
You visited 1 branch of the dungeon, and saw 3 of its levels.

You collected 94 gold pieces.

Inventory:

Hand Weapons
 h - a +3 spectral club (weapon)
Armour
 a - a +0 robe (worn)
 e - a +0 pair of boots (worn)
Magical Staves
 n - a staff of poison
Jewellery
 f - a +6 ring of strength (left hand)
 m - an amulet of reflection (around neck)
Scrolls
 g - a scroll of enchant armour {unknown}
Potions
 b - a potion of magic
 c - 3 potions of heal wounds
 d - a potion of mutation
 i - a potion of degeneration {unknown}
 j - a potion of flight
 k - 2 potions of haste {unknown}
 l - a potion of attraction {unknown}
 o - a potion of lignification {unknown}


   Skills:
 - Level 2.0 Dodging
 - Level 2.0 Stealth
 + Level 2.8 Spellcasting
 * Level 7.0 Necromancy


You had 8 spell levels left.
You knew the following spells:

 Your Spells              Type           Power      Damage    Failure   Level
a - Necrotise             Necr           100%       1d9       1%          1

Your spell library contained the following spells:

 Spells                   Type           Power      Damage    Failure   Level
 Vampiric Draining        Necr           27%        2d7       2%          3
 Animate Dead             Necr           27%        N/A       9%          4
 Agony                    Necr           27%        N/A       26%         5


Dungeon Overview and Level Annotations

Branches:
Dungeon (3/15)

Altars:


Innate Abilities, Weirdness & Mutations

You are partially covered in molten scales. (AC +2)
You regenerate a little health from kills.


Message History

You hear a shout!
Terence hits you but does no damage.
The orc priest hits your +3 spectral club with a +0 club.
Your spectral weapon shares its damage with you!
Terence looks scornfully at you. Terence hits you with a +0 falchion.
The orc priest closely misses your +3 spectral club.
You hit Terence but do no damage.
Terence is lightly wounded.
Your +3 spectral club closely misses Terence.
The orc priest barely misses your +3 spectral club.
You block Terence's attack.
You hit Terence but do no damage.
Terence is lightly wounded.
Your +3 spectral club hits Terence!
Terence completely misses you.
The orc priest closely misses your +3 spectral club.
You closely miss Terence.
Terence is heavily wounded.
Your +3 spectral club hits Terence.
The orc priest closely misses your +3 spectral club.
Terence barely misses you. You block Terence's attack.
The orc priest hits your +3 spectral club with a +0 club.
Your spectral weapon shares its damage with you!
A hobgoblin comes into view.
You barely miss Terence.
Terence is heavily wounded.
Your +3 spectral club barely misses Terence.
The orc priest closely misses your +3 spectral club.
Terence hits you with a +0 falchion!
You hit Terence but do no damage.
Terence is heavily wounded.
Your +3 spectral club hits Terence!
You kill Terence!
The hobgoblin hits your +3 spectral club but does no damage.
The orc priest barely misses your +3 spectral club.
Your Necromancy skill increases to level 7!
There is an open door here.
The orc priest calls down the wrath of Beogh upon you.
Beogh smites you!
You die...

#..# #.#.#.#.# #..#
#.#...#.# #..# #.#####.#
#.#..#####.......#####
#.#..................#
#.#..............###.# #
#.#.........####.# #.# #
#.#.#....o..g.##.# #.#
#.#.#.........#.@..# #.#
#.#.####.#############.##
#.......................#
###.####.################
g)#.# #.# #ยง#o####'####
#...........#
#....(......#
#...........#


You could see an orc priest and a hobgoblin.

Vanquished Creatures
  An orc priest (D:3)
  Jessica (D:2)
  Terence (D:3)
  4 gnolls
  2 adders
  3 dart slugs
  An orc (D:3)
  4 bats
  5 endoplasms
  2 giant cockroaches (D:2)
  4 goblins
  11 hobgoblins
  7 kobolds
  2 quokkas
  4 ball pythons
  5 frilled lizards
  7 rats
64 creatures vanquished.

Vanquished Creatures (collateral kills)
  A goblin (D:1)
  A quokka (D:1)
  A ball python (D:1)
  A kobold (D:1)
4 creatures vanquished.

Grand Total: 68 creatures vanquished

Notes
Turn   | Place    | Note
-------+----------+-------------------------------------------
     0 | D:1      | Klosterheim the Demonspawn Necromancer began the quest for
                  | the Orb.
     0 | D:1      | Reached XP level 1. HP: 13/13 MP: 3/3
   367 | D:1      | Gained mutation: You regenerate a little health from kills.
                  | [demonic ancestry]
   367 | D:1      | Reached XP level 2. HP: 19/19 MP: 3/5
   488 | D:1      | Found a faded altar of an unknown god.
   502 | D:1      | Reached skill level 5 in Necromancy
   765 | D:1      | Reached XP level 3. HP: 24/24 MP: 4/6
  1189 | D:2      | Noticed Jessica
  1193 | D:2      | Killed Jessica
  1262 | D:2      | Reached skill level 6 in Necromancy
  1294 | D:2      | Reached XP level 4. HP: 30/30 MP: 7/7
  1725 | D:2      | Gained mutation: You are partially covered in molten
                  | scales. (AC +2) [demonic ancestry]
  1725 | D:2      | Reached XP level 5. HP: 33/35 MP: 8/8
  2023 | D:3      | Noticed Terence
  2030 | D:3      | Killed Terence
  2031 | D:3      | Reached skill level 7 in Necromancy
  2047 | D:3      | Killed from afar by an orc priest

Illustrated notes

Levels and vault maps discovered:
D:1:      eino_arrival_cavern_b, layout_rooms, ebering_ecumenical_altar_rust
D:2:      layout_rooms, uniq_jessica
D:3:      layout_basic, mainiacjoe_overflow_alcove_2, uniq_terence

Skill      XL: |  1  2  3  4  5 |
---------------+----------------+-----
Dodging        | 2 |  2.0
Stealth        | 2 |  2.0
Necromancy     | 5 6 7 |  7.0
Spellcasting   | |  2.8

Action                   |  1- 3 |  4- 6 || total
-------------------------+-------+-------++-------
Melee: Unarmed           |    22 |       ||    22
       Club              |     6 |    43 ||    49
 Cast: Necrotise         |    47 |    12 ||    59
  Use: Scroll            |       |     3 ||     3
 Stab: Distracted        |       |     1 ||     1
       Sleeping          |       |     1 ||     1
Armor: Robe              |     3 |    10 ||    13
Dodge: Dodged            |    18 |    20 ||    38
Block: Other             |       |     5 ||     5

Table legend: (Time is in decaauts)
 A = Elapsed time spent in this place.
 B = Non-inter-level travel time spent in this place.
 C = Inter-level travel time spent in this place.
 D = Time resting spent in this place.
 E = Time spent auto-exploring this place.
 F = Levels seen in this place.
 G = Mean time per level.
                   A        B        C        D        E       F      G
               +--------+--------+--------+--------+--------+-----+--------+
         Total |   2062 |   1972 |     90 |    538 |    979 |   3 |  687.3 |
       Dungeon |   2062 |   1972 |     90 |    538 |    979 |   3 |  687.3 |
               +--------+--------+--------+--------+--------+-----+--------+

Top non-repeatable levels by time:
     D:1: 1261 daAuts
     D:2: 525 daAuts
     D:3: 275 daAuts
